 Dungeon Crawl Stone Soup version 0.25-a0-294-gea9b1ad378 (webtiles) character file.

Game seed: 18175527582308341185, levelgen mode: deterministic

6024 MoonlitKnight the Magician (level 10, -3/79 HPs)
             Began as a Gnoll Skald on Dec 17, 2019.
             Was a High Priest of Okawaru.
             Slain by a killer bee (4 damage)
             ... on level 10 of the Dungeon.
             The game lasted 00:25:03 (10849 turns).

MoonlitKnight the Magician (Gnoll Skald)           Turns: 10849, Time: 00:25:03

Health: -3/79      AC:  9    Str: 14    XL:     10   Next: 86%
Magic:  7/21       EV: 14    Int: 25    God:    Okawaru [*****.]
Gold:   665        SH:  0    Dex: 14    Spells: 13/24 levels left

rFire    . . .     SeeInvis +   a - +6 glaive of the Philosopher {chop, Int+6}
rCold    . . .     Gourm    .   (shield currently unavailable)
rNeg     . . .     Faith    .   w - +0 ring mail
rPois    .         Spirit   .   c - +0 helmet
rElec    .         Reflect  .   F - +1 cloak
rCorr    .         Harm     .   (no gloves)
MR       +....                  (no boots)
Stlth    ++........             (no amulet)
HPRegen  0.23/turn              E - ring of see invisible
MPRegen  0.17/turn              g - ring of protection from magic

@: lethally poisoned (-3 -> -41), about to teleport, finesse, very slightly
contaminated
A: distributed training, fangs 1, strong nose
a: Heroism, Finesse, Renounce Religion


You were on level 10 of the Dungeon.
You worshipped Okawaru.
Okawaru was extremely pleased with you.
You were not hungry.

You visited 1 branch of the dungeon, and saw 10 of its levels.
You also visited: Sewer.

You collected 665 gold pieces.

Inventory:

Hand Weapons
 a - the +6 glaive of the Philosopher (weapon) {chop, Int+6}
   (You found it on level 7 of the Dungeon)

   It inflicts extra damage upon your enemies.
   It affects your intelligence (+6).
 G - a +5 morningstar
Missiles
 s - 3 atropa-tipped darts
 u - 101 sling bullets
 C - 59 poisoned darts (quivered)
Armour
 c - a +0 helmet (worn)
 w - a +0 ring mail (worn)
 F - a +1 cloak (worn)
 N - a +0 buckler
Jewellery
 g - a ring of protection from magic (right hand)
 y - an uncursed ring of protection from fire
 E - a ring of see invisible (left hand)
 L - a +4 ring of strength {unknown}
Wands
 l - a wand of iceblast (6)
 H - a wand of acid (9)
 J - a wand of disintegration (12)
 O - a wand of polymorph (9)
Scrolls
 e - 5 scrolls of identify
 f - 2 scrolls of immolation
 h - 8 scrolls of remove curse
 j - 2 scrolls of teleportation
 k - 2 scrolls of random uselessness {unknown}
 n - 2 scrolls of fear
 r - 2 scrolls of blinking {unknown}
 t - a scroll of noise {unknown}
 v - 2 scrolls of amnesia {unknown}
 x - a scroll of enchant armour {unknown}
 B - 6 scrolls of enchant weapon {unknown}
 I - a scroll of magic mapping
 K - 2 scrolls of fog {unknown}
 R - a scroll of torment {unknown}
 S - a scroll of summoning {unknown}
Potions
 b - 3 potions of resistance {unknown}
 m - 8 potions of curing
 o - a potion of heal wounds
 p - a potion of degeneration {unknown}
 q - 2 potions of might
 z - a potion of brilliance {unknown}
 A - 2 potions of flight {unknown}
 D - 2 potions of mutation {unknown}
 M - 2 potions of agility {unknown}
 Q - a potion of magic {unknown}
Miscellaneous
 P - a phial of floods
Comestibles
 d - 13 rations


   Skills:
 + Level 7.3 Fighting
 + Level 5.5 Short Blades
 + Level 5.5 Long Blades
 + Level 5.5 Axes
 + Level 5.5 Maces & Flails
 + Level 7.3 Polearms
 + Level 5.5 Staves
 + Level 5.5 Slings
 + Level 5.5 Bows
 + Level 5.5 Crossbows
 + Level 5.5 Throwing
 + Level 6.2 Armour
 + Level 7.3 Dodging
 + Level 5.5 Stealth
 + Level 5.5 Shields
 + Level 5.5 Unarmed Combat
 + Level 7.6 Spellcasting
 + Level 4.6 Conjurations
 + Level 4.6 Hexes
 + Level 7.2 Charms
 + Level 4.6 Summonings
 + Level 4.6 Necromancy
 + Level 4.6 Translocations
 + Level 4.6 Transmutations
 + Level 4.6 Fire Magic
 + Level 4.6 Ice Magic
 + Level 4.6 Air Magic
 + Level 4.6 Earth Magic
 + Level 4.6 Poison Magic
 + Level 6.1 Invocations
 + Level 5.5 Evocations


You had 13 spell levels left.
You knew the following spells:

 Your Spells              Type           Power        Failure   Level  Hunger
a - Infusion              Chrm           ####         1%          1    None
b - Shroud of Golubria    Chrm/Tloc      #####.       1%          2    None
c - Spectral Weapon       Hex/Chrm       #####...     3%          3    None
d - Regeneration          Chrm/Necr      #####.....   3%          3    None
e - Song of Slaying       Chrm           #####...     1%          2    None

Your spell library contained the following spells:

 Spells                   Type           Power        Failure   Level  Hunger
 Foxfire                  Conj/Fire      ####         1%          1    None
 Conjure Flame            Conj/Fire      ####....     5%          3    None
 Inner Flame              Hex/Fire       ####....     5%          3    None
 Sticky Flame             Conj/Fire      ####....     17%         4    ##.....
 Fireball                 Conj/Fire      ####......   43%         5    #####..


Dungeon Overview and Level Annotations

Branches:
Dungeon (10/15)            Temple (0/1) D:6            Lair (0/6) D:9
  Sewer (visited)
    Orc: D:9-12

Altars:
Nemelex Xobeh
Okawaru
Sif Muna
Uskayaw
Vehumet
The Shining One

Shops:
D:5 }


Innate Abilities, Weirdness & Mutations

Your experience applies equally to all skills.
You have very sharp teeth.
Your uncanny sense of smell can sniff out nearby items.


Message History

The killer bee poisons you! The killer bee stings you.
* * * LOW HITPOINT WARNING * * *
You are more poisoned.
The killer bee poisons you! The killer bee completely misses you.
The killer bee misses you.
There is a lethal amount of poison in your body!
You feel much better.
* * * LOW HITPOINT WARNING * * *
You feel very sick. The killer bee stings you!
* * * LOW HITPOINT WARNING * * *
The killer bee stings you.
* * * LOW HITPOINT WARNING * * *
You are more poisoned.
The killer bee poisons you! The killer bee misses you.
The killer bee stings you but does no damage.
The killer bee barely misses you. The killer bee stings you.
* * * LOW HITPOINT WARNING * * *
The killer bee stings you.
You die...

#..# #..# #..##### #.
#..#%.% #.. #..# #.y.y
#.. #..# #yy#∆ ∆
##..#######.####yy#
.......#≈≈≈.≈≈≈#yy# ∆
.......#≈≈...≈≈#@y#
#......#≈......#..#
#.....†...........#
#......#≈.....≈#..#
#......#≈....≈≈#..#
#......#≈≈..≈≈≈#..#
.......####.####..######
...######.........>....#
...# #..#####.......#


You could see a queen bee and 7 killer bees.

Vanquished Creatures
  A hippogriff (D:8)
  2 wyverns (D:8)
  A yak (D:7)
  2 hungry ghosts
  6 ice beasts
  2 sky beasts
  An orc warrior (D:7)
  2 phantoms
  A black bear (D:8)
  A necrophage (D:8)
  2 ogres
  9 centaurs
  A big kobold (Sewer)
  4 bullfrogs
  Blork the orc (D:6)
  A water moccasin zombie (D:6)
  A jelly (D:9)
  A wyvern skeleton (D:7)
  3 scorpions
  A water moccasin skeleton (D:8)
  A wight (D:7)
  14 killer bees
  5 howler monkeys
  2 bullfrog zombies (D:9)
  A crimson imp (D:7)
  5 hounds
  A centaur zombie (D:7)
  2 bullfrog skeletons
  5 orc priests
  A gnoll shaman (D:7)
  2 centaur skeletons
  3 iguanas
  7 worker ants
  13 orc wizards
  2 killer bee zombies
  A bullfrog simulacrum (D:10)
  A hound skeleton (D:8)
  A howler monkey zombie (D:9)
  4 river rats
  6 adders
  3 shadow imps
  An ufetubus (D:10)
  An adder skeleton (D:4)
  A worm (D:5)
  2 dart slugs
  5 leopard geckos
  28 orcs
  2 ball pythons (D:5)
  6 bats
  4 giant cockroaches
  13 goblins
  11 hobgoblins
  13 jackals
  7 quokkas
  9 frilled lizards
  A jackal skeleton (D:5)
  15 kobolds
  2 leopard gecko skeletons
  A quokka skeleton (D:5)
  10 rats
255 creatures vanquished.

Vanquished Creatures (others)
  A fungus (D:9)
  3 spectral weapons
4 creatures vanquished.

Grand Total: 259 creatures vanquished

Notes
Turn   | Place    | Note
-------+----------+-------------------------------------------
     0 | D:1      | MoonlitKnight the Gnoll Skald began the quest for the Orb.
     0 | D:1      | Reached XP level 1. HP: 20/20 MP: 6/6
   256 | D:1      | Reached XP level 2. HP: 23/26 MP: 3/7
   467 | D:1      | Learned a level 2 spell: Shroud of Golubria
   555 | D:1      | Reached XP level 3. HP: 31/31 MP: 9/9
   560 | D:1      | Learned a level 3 spell: Spectral Weapon
   564 | D:1      | Learned a level 3 spell: Regeneration
   567 | D:1      | Learned a level 2 spell: Song of Slaying
   683 | D:1      | You fall into a shaft and drop 1 floor!
   696 | D:2      | Reached skill level 5 in Spellcasting
  1543 | D:2      | Found a glowing golden altar of the Shining One.
  1574 | D:2      | Reached skill level 1 in Invocations
  1828 | D:3      | Reached skill level 1 in Short Blades
  1828 | D:3      | Reached skill level 1 in Long Blades
  1828 | D:3      | Reached skill level 1 in Axes
  1828 | D:3      | Reached skill level 1 in Maces & Flails
  1828 | D:3      | Reached skill level 1 in Staves
  1828 | D:3      | Reached skill level 1 in Slings
  1828 | D:3      | Reached skill level 1 in Bows
  1828 | D:3      | Reached skill level 1 in Crossbows
  1828 | D:3      | Reached skill level 1 in Throwing
  1828 | D:3      | Reached skill level 1 in Stealth
  1828 | D:3      | Reached skill level 1 in Shields
  1828 | D:3      | Reached skill level 1 in Unarmed Combat
  1828 | D:3      | Reached skill level 1 in Evocations
  2042 | D:3      | Reached XP level 4. HP: 36/38 MP: 11/11
  2177 | D:3      | Reached skill level 1 in Conjurations
  2177 | D:3      | Reached skill level 1 in Hexes
  2177 | D:3      | Reached skill level 1 in Summonings
  2177 | D:3      | Reached skill level 1 in Necromancy
  2177 | D:3      | Reached skill level 1 in Translocations
  2177 | D:3      | Reached skill level 1 in Transmutations
  2177 | D:3      | Reached skill level 1 in Fire Magic
  2177 | D:3      | Reached skill level 1 in Ice Magic
  2177 | D:3      | Reached skill level 1 in Air Magic
  2177 | D:3      | Reached skill level 1 in Earth Magic
  2177 | D:3      | Reached skill level 1 in Poison Magic
  2177 | D:3      | Reached XP level 5. HP: 35/43 MP: 3/12
  3473 | D:3      | Found a shimmering blue altar of Sif Muna.
  3477 | D:3      | Found a radiant altar of Vehumet.
  3482 | D:3      | Found an iron altar of Okawaru.
  3490 | D:3      | Became a worshipper of Warmaster Okawaru
  3683 | D:4      | Reached XP level 6. HP: 45/50 MP: 8/13
  3756 | D:4      | Reached skill level 5 in Fighting
  3756 | D:4      | Reached skill level 5 in Polearms
  3756 | D:4      | Reached skill level 5 in Dodging
  4241 | D:5      | Entered Level 5 of the Dungeon
  4338 | D:5      | Found a glowing drain.
  4375 | Sewer    | Entered a sewer
  4449 | Sewer    | Reached * piety under Okawaru
  4449 | Sewer    | Reached XP level 7. HP: 56/56 MP: 10/15
  4474 | Sewer    | Found a white marble altar of Elyvilon.
  4604 | D:5      | Found Omien's Gadget Shoppe.
  5634 | D:6      | Reached XP level 8. HP: 63/63 MP: 14/16
  5742 | D:6      | Reached ** piety under Okawaru
  6043 | D:6      | Found a staircase to the Ecumenical Temple.
  6203 | D:6      | Noticed Blork the orc
  6222 | D:6      | Killed Blork the orc
  6725 | D:7      | Reached XP level 9. HP: 56/69 MP: 18/18
  6735 | D:7      | Reached *** piety under Okawaru
  7505 | D:7      | Reached skill level 5 in Armour
  7511 | D:7      | Got a smoking glaive
  7511 | D:7      | Identified the +6 glaive of the Philosopher {chop, Int+6}
                  | (You found it on level 7 of the Dungeon)
  8306 | D:8      | Reached **** piety under Okawaru
  8306 | D:8      | Reached skill level 5 in Invocations
  8360 | D:8      | You fall into a shaft and drop 1 floor!
  8360 | D:9      | Found a hide-covered altar of Uskayaw.
  8396 | D:8      | Received a gift from Okawaru
  8406 | D:8      | Reached XP level 10. HP: 67/77 MP: 20/20
  8829 | D:8      | Found a sparkling altar of Nemelex Xobeh.
  9086 | D:8      | Reached skill level 5 in Short Blades
  9086 | D:8      | Reached skill level 5 in Long Blades
  9086 | D:8      | Reached skill level 5 in Axes
  9086 | D:8      | Reached skill level 5 in Maces & Flails
  9086 | D:8      | Reached skill level 5 in Staves
  9086 | D:8      | Reached skill level 5 in Slings
  9086 | D:8      | Reached skill level 5 in Bows
  9086 | D:8      | Reached skill level 5 in Crossbows
  9086 | D:8      | Reached skill level 5 in Throwing
  9086 | D:8      | Reached skill level 5 in Stealth
  9086 | D:8      | Reached skill level 5 in Shields
  9086 | D:8      | Reached skill level 5 in Unarmed Combat
  9086 | D:8      | Reached skill level 5 in Evocations
  9652 | D:9      | Found a staircase to the Lair.
  9957 | D:9      | Reached ***** piety under Okawaru
 10553 | D:10     | Entered Level 10 of the Dungeon
 10618 | D:10     | Got a steaming mace
 10618 | D:10     | Identified the +2 mace of Benevolence {elec, -Tele rF+++
                  | MR++ Stlth+} (You found it on level 10 of the Dungeon)
 10848 | D:10     | HP: 2/79 [killer bee (2)]
 10849 | D:10     | Slain by a killer bee

Levels and vault maps discovered:
D:1:      kilobyte_arrival_exit_the_forest, layout_basic, minmay_three_crescents
D:2:      layout_loops_ring, lemuel_crystal_altar
D:3:      kennysheep_six_static_rooms, layout_basic,
          minmay_overflow_temple_star_quad, minmay_divided_ellipse
D:4:      layout_rooms
D:5:      layout_loops_ring, first_ration, serial_shops, nicolae_shop_stone,
          portal_sewer_entry_b
D:6:      layout_basic, minmay_temple_entry_gardened_gates, uniq_blork_the_orc
D:7:      minmay_clustersquares, layout_cave_pods
D:8:      layout_gridville, nemelex_xobeh_ov_fountains_minmay
D:9:      layout_roguey, eat_drink_and_be_merry_uskayaw, dpeg_oklobed_lair
D:10:     layout_small_grid, special_room [special_room_bee], serial_ice,
          serial_ice_e, serial_ice_m, serial_ice_d, serial_ice_c

Skill      XL: |  1  2  3  4  5  6  7  8  9 10 |
---------------+-------------------------------+-----
Spellcasting   | 5 6 7 |  7.6
Invocations    | 1 2 3 4 5 6 |  6.1
Short Blades   | 1 2 3 4 5 |  5.5
Long Blades    | 1 2 3 4 5 |  5.5
Axes           | 1 2 3 4 5 |  5.5
Maces & Flails | 1 2 3 4 5 |  5.5
Staves         | 1 2 3 4 5 |  5.5
Slings         | 1 2 3 4 5 |  5.5
Bows           | 1 2 3 4 5 |  5.5
Crossbows      | 1 2 3 4 5 |  5.5
Throwing       | 1 2 3 4 5 |  5.5
Stealth        | 1 2 3 4 5 |  5.5
Shields        | 1 2 3 4 5 |  5.5
Unarmed Combat | 1 2 3 4 5 |  5.5
Evocations     | 1 2 3 4 5 |  5.5
Conjurations   | 1 2 3 4 |  4.6
Hexes          | 1 2 3 4 |  4.6
Summonings     | 1 2 3 4 |  4.6
Necromancy     | 1 2 3 4 |  4.6
Translocations | 1 2 3 4 |  4.6
Transmutations | 1 2 3 4 |  4.6
Fire Magic     | 1 2 3 4 |  4.6
Ice Magic      | 1 2 3 4 |  4.6
Air Magic      | 1 2 3 4 |  4.6
Earth Magic    | 1 2 3 4 |  4.6
Poison Magic   | 1 2 3 4 |  4.6
Armour         | 3 4 5 6 |  6.2
Fighting       | 5 6 7 |  7.3
Polearms       | 5 6 7 |  7.3
Dodging        | 5 6 7 |  7.3
Charms         | 6 7 |  7.2

Action                   |  1- 3 |  4- 6 |  7- 9 | 10-12 || total
-------------------------+-------+-------+-------+-------++-------
Melee: Spear             |    78 |       |   148 |       ||   226
       Bite              |    17 |    29 |    36 |    11 ||    93
       Punch             |     1 |     1 |     7 |       ||     9
       Dagger            |   110 |   245 |       |       ||   355
       Trident           |       |   118 |   108 |       ||   226
       Glaive            |       |       |    43 |   168 ||   211
       Morningstar       |       |       |    40 |       ||    40
Throw: Dart              |       |     5 |    14 |    58 ||    77
 Cast: Infusion          |     1 |     3 |       |       ||     4
       Shroud of Golubri |     1 |    11 |     6 |     1 ||    19
       Spectral Weapon   |       |     7 |    12 |     9 ||    28
       Regeneration      |       |       |     2 |     3 ||     5
Invok: Heroism           |       |       |     1 |       ||     1
       Finesse           |       |       |       |     1 ||     1
  Use: Scroll            |       |     8 |     1 |     1 ||    10
       Potion            |       |     1 |       |     3 ||     4
 Stab: Sleeping          |     1 |     2 |     5 |     4 ||    12
       Distracted        |       |       |     1 |     1 ||     2
  Eat: Chunk             |     4 |     9 |    11 |     8 ||    32
       Ration            |       |       |     2 |       ||     2
Armor: Leather armour    |    12 |       |       |       ||    12
       Ring mail         |    35 |   125 |   109 |    79 ||   348
Dodge: Dodged            |   114 |   281 |   228 |   203 ||   826

Table legend:
 A = Non-vault XP
 B = Vault XP
 C = Vault XP percentage of total XP
 D = Non-vault monster count
 E = Vault monster count
 F = Vault count percentage of total count
                 A         B        C        D         E       F
            +---------+---------+-------+---------+---------+-------
      Total |    7329 |    1277 |  14.8 |     201 |      54 |  21.2
            +---------+---------+-------+---------+---------+-------
        D:1 |      29 |      11 |  27.5 |      22 |       6 |  21.4
        D:2 |      17 |       0 |   0.0 |      10 |       0 |   0.0
        D:3 |     154 |      78 |  33.6 |      19 |      17 |  47.2
        D:4 |     219 |       0 |   0.0 |      18 |       0 |   0.0
        D:5 |     435 |      47 |   9.8 |      17 |       7 |  29.2
        D:6 |     864 |      87 |   9.1 |      16 |       1 |   5.9
        D:7 |    1171 |     652 |  35.8 |      23 |       8 |  25.8
        D:8 |    2584 |       0 |   0.0 |      33 |       0 |   0.0
        D:9 |    1248 |       0 |   0.0 |      29 |       0 |   0.0
       D:10 |     608 |     275 |  31.1 |      14 |       6 |  30.0
      Sewer |       0 |     127 | 100.0 |       0 |       9 | 100.0
            +---------+---------+-------+---------+---------+-------
